 Dungeon Crawl Stone Soup version 0.22-a0-601-gb0ed703 (webtiles) character file.

6775 Gildeon the Spear-Bearer (level 10, -12/86 HPs)
             Began as a Purple Draconian Fighter on July 6, 2018.
             Was a Priest of the Shining One.
             Killed by divine providence
             ... invoked by an orc priest
              (13 damage)
             ... on level 10 of the Dungeon.
             The game lasted 01:04:53 (12101 turns).

Gildeon the Spear-Bearer (DrFi)                    Turns: 12101, Time: 01:04:54

Health: -12/86     AC: 12    Str: 19    XL:     10   Next: 76%
Magic:  17/17      EV: 21    Int: 11    God:    the Shining One [***...]
Gold:   541        SH:  0    Dex: 16    Spells: 19/19 levels left

rFire    + . .     SeeInvis +   y - +0 glaive
rCold    . . .     Gourm    .   (shield currently unavailable)
rNeg     + . .     Faith    .   (armour unavailable)
rPois    .         Spirit   .   (helmet restricted)
rElec    .         Reflect  .   t - +0 cloak
rCorr    .         Harm     .   p - +0 pair of gloves
MR       +....                  h - +2 pair of boots
Stlth    ++........             (no amulet)
HPRegen  0.24/turn              b - ring of see invisible
MPRegen  0.15/turn              g - ring of protection from fire

@: agile, lethally poisoned (-12 -> -13), glowing
A: breathe power, unfitting armour, cold-blooded, AC +7
a: Breathe Dispelling Energy, Divine Shield, Renounce Religion


You were on level 10 of the Dungeon.
You worshipped the Shining One.
The Shining One was most pleased with you.
You were hungry.

You visited 2 branches of the dungeon, and saw 11 of its levels.

You collected 541 gold pieces.

Inventory:

Hand Weapons
 a - a +0 trident
 e - a +3 halberd
 x - a +1 hand axe of flaming
 y - a +0 glaive (weapon)
 C - a +1 trident
Armour
 h - a +2 pair of boots (worn)
 p - a +0 pair of gloves (worn)
 q - a scarf of cloud immunity
 t - a +0 cloak (worn)
Jewellery
 b - a ring of see invisible (left hand)
 g - a ring of protection from fire (right hand)
 j - an uncursed amulet of the acrobat {unknown}
 m - an uncursed ring of resist corrosion
 n - an uncursed amulet of harm
 s - an uncursed ring of ice
Wands
 o - a wand of polymorph (26)
 r - a wand of acid (12)
 v - a wand of iceblast (12)
Scrolls
 i - a scroll of fog
 k - 2 scrolls of remove curse
 A - a scroll of teleportation {unknown}
 B - a scroll of noise {unknown}
Potions
 c - 3 potions of flight
 l - a potion of brilliance
 u - 3 potions of lignification
 w - a potion of cancellation
 E - a potion of mutation {unknown}
Comestibles
 d - 5 rations
 z - 4 chunks of flesh


   Skills:
 + Level 7.2 Fighting
 + Level 10.8 Polearms
 + Level 6.6 Dodging
 - Level 3.1 Stealth
   Level 3.0 Shields
 - Level 5.0 Spellcasting
 - Level 5.1 Invocations
 - Level 5.1 Evocations


You had 19 spell levels left.
You didn't know any spells.
Your spell library was empty.

Dungeon Overview and Level Annotations

Branches:
Dungeon (10/15)            Temple (1/1) D:6             Orc (0/2) D:9
   Lair: D:8-11

Altars:
Ashenzari
Cheibriados
Dithmenos
Elyvilon
Fedhas
Gozag
Hepliaklqana
Kikubaaqudgha
Makhleb
Nemelex Xobeh
Okawaru
Qazlal
Ru
Sif Muna
Trog
Uskayaw
Vehumet
Wu Jian
Xom
Yredelemnul
Zin
The Shining One


Innate Abilities, Weirdness & Mutations

You can breathe bolts of dispelling energy.
Your rich purple scales are hard. (AC +7)
You cannot fit into any form of body armour.
You are cold-blooded and may be slowed by cold attacks.


Message History

* * * LOW HITPOINT WARNING * * *
The warg barely misses you. The warg bites you but does no damage.
You slash the warg!
The warg is heavily wounded.
The warg bites you.
* * * LOW HITPOINT WARNING * * *
The warg barely misses you. The warg bites you but does no damage.
You feel agile all of a sudden.
You feel sick. The warg completely misses you. x2
You slice the warg!!
You kill the warg!
The warg bites you!
* * * LOW HITPOINT WARNING * * *
The warg completely misses you.
You slash the warg! You tail-slap the warg.
The warg is heavily wounded.
The warg completely misses you.
The orc priest invokes the aid of Beogh against you.
Beogh smites you!
You die...

#'## ##...# # #..### #...##
##...# ##...# #######o##
#...#### .........###
########...##.. .........oo##
#.........#.... .........#oo#
#.........#>#..
....>....##h###.<.......#.#..
.........##†@.#.........#.#..
.........####.'.........+.#..
.........# ###.........###..
.........# #.........# ###
######### ###########


You could see a warg, an orc warrior, an orc priest, an orc wizard and 2 orcs.

Vanquished Creatures
  A two-headed ogre (D:10)
  4 yaks
  3 hogs (D:7)
  A human (D:7)
  3 hungry ghosts
  A warg (D:10)
  Edmund (D:5)
  A water moccasin (D:6)
  4 orc warriors
  A black bear (D:7)
  A necrophage (D:6)
  An ice beast (D:6)
  2 sky beasts
  A phantom (D:9)
  9 ogres
  A centaur (D:8)
  2 big kobolds
  A gnoll sergeant (D:7)
  7 bullfrogs
  2 jellies
  2 scorpions
  A troll zombie (D:9)
  5 wights (D:9)
  5 killer bees (D:10)
  2 howler monkeys (D:7)
  2 crimson imps (D:5)
  3 hounds
  3 orc priests
  Crazy Yiuf (D:7)
  A bullfrog skeleton (D:7)
  5 orc wizards
  A centaur skeleton (D:9)
  An iguana (D:6)
  5 worker ants
  5 ogre zombies (D:9)
  2 hound zombies
  3 hound skeletons
  7 gnolls
  10 adders
  2 shadow imps
  3 oozes
  An adder zombie (D:6)
  2 adder skeletons
  13 worms
  3 dart slugs
  5 leopard geckos
  34 orcs
  A ball python (D:5)
  2 giant cockroaches
  9 goblins
  5 hobgoblins
  14 jackals
  15 kobolds
  4 quokkas
  8 bats
  10 frilled lizards
  A goblin skeleton (D:9)
  3 goblin zombies (D:9)
  2 hobgoblin skeletons (D:9)
  2 hobgoblin zombies (D:9)
  A leopard gecko skeleton (D:4)
  A leopard gecko zombie (D:5)
  2 orc skeletons (D:9)
  9 orc zombies (D:9)
  2 quokka skeletons
  9 rats
  2 bushes (D:3)
  A plant (D:3)
277 creatures vanquished.

Notes
Turn   | Place    | Note
-------+----------+-------------------------------------------
     0 | D:1      | Gildeon the Draconian Fighter began the quest for the Orb.
     0 | D:1      | Reached XP level 1. HP: 19/19 MP: 1/1
   343 | D:1      | Reached XP level 2. HP: 20/26 MP: 2/2
   808 | D:1      | Reached skill level 1 in Spellcasting
   812 | D:1      | Reached XP level 3. HP: 33/33 MP: 4/4
  1425 | D:2      | Reached skill level 1 in Stealth
  1425 | D:2      | Reached XP level 4. HP: 23/40 MP: 5/5
  1825 | D:2      | Reached skill level 3 in Polearms
  2481 | D:2      | Reached XP level 5. HP: 20/46 MP: 7/7
  3969 | D:4      | Noticed an ogre
  3982 | D:4      | Killed an ogre
  3982 | D:4      | Reached XP level 6. HP: 41/53 MP: 7/9
  4224 | D:3      | HP: 2/55 [poisoned by an adder]
  4229 | D:3      | HP: 1/55 [poisoned by an adder]
  4234 | D:3      | HP: 1/55 [poisoned by an adder]
  4610 | D:4      | Found a deep blue altar of Sif Muna.
  4687 | D:4      | Reached skill level 5 in Fighting
  4687 | D:4      | Reached skill level 4 in Polearms
  5377 | D:5      | Entered Level 5 of the Dungeon
  5398 | D:5      | Your scales start taking on a rich purple colour.
  5398 | D:5      | Reached XP level 7. HP: 61/61 MP: 11/11
  5420 | D:5      | Noticed Edmund
  5438 | D:5      | Killed Edmund
  5793 | D:5      | Reached skill level 5 in Polearms
  5793 | D:5      | Reached skill level 5 in Dodging
  6283 | D:6      | Reached XP level 8. HP: 66/68 MP: 13/13
  6668 | D:6      | Reached skill level 6 in Polearms
  6684 | D:6      | Reached skill level 1 in Evocations
  7372 | D:6      | Reached skill level 7 in Polearms
  7591 | D:6      | Found a staircase to the Ecumenical Temple.
  7626 | Temple   | Entered the Ecumenical Temple
  7631 | Temple   | Became a worshipper of the Shining One
  7976 | D:7      | Reached skill level 1 in Invocations
  7976 | D:7      | Reached XP level 9. HP: 48/74 MP: 15/15
  8154 | D:7      | Reached skill level 8 in Polearms
  8718 | D:7      | Reached skill level 9 in Polearms
  8788 | D:7      | Found a runed door.
  8795 | D:7      | Noticed Crazy Yiuf
  8799 | D:7      | Killed Crazy Yiuf
  8957 | D:7      | Reached skill level 5 in Evocations
  9312 | D:7      | Found an iron altar of Okawaru.
  9324 | D:7      | Reached skill level 5 in Invocations
  9406 | D:8      | Reached * piety under the Shining One
 10014 | D:9      | Reached skill level 5 in Spellcasting
 10014 | D:9      | Reached XP level 10. HP: 35/81 MP: 17/17
 10469 | D:9      | Found a staircase to the Orcish Mines.
 10501 | D:9      | Reached skill level 10 in Polearms
 10505 | D:9      | Reached ** piety under the Shining One
 10558 | D:9      | Reached *** piety under the Shining One
 10727 | D:9      | Found a sacrificial altar of Ru.
 10748 | D:9      | Found a sparkling altar of Nemelex Xobeh.
 11368 | D:10     | Entered Level 10 of the Dungeon
 11495 | D:10     | Noticed a two-headed ogre
 11503 | D:10     | Killed a two-headed ogre
 12100 | D:10     | HP: 1/86 [warg (13)]
 12101 | D:10     | Killed from afar by an orc priest

Vault maps used:
D:1:      dpeg_arrival_more_subterranean_lakeside_camping, serial_park_tiny_1,
          serial_bayou_pond_d
D:2:      first_ration, serial_glass, glass_columns_c, glass_columns_a,
          minmay_tall_x
D:3:      serial_forest, infiniplex_forest_lined_room_2,
          infiniplex_forest_3_way, infiniplex_forest_lined_3,
          infiniplex_forest_lined_2, infiniplex_forest_clump_long,
          infiniplex_forest_clump_tiny, infiniplex_forest_lined_2
D:4:      led_sif_pool
D:5:      uniq_edmund
D:6:      temple_statues
D:7:      old_standard_altar, grunt_livestock, hangedman_decor_diamond_cutter,
          uniq_crazy_yiuf_cottage
D:8:      minmay_misc_feat_iff
D:9:      zombieorc1_lemuel, basic_altar, nicolae_ru_path_of_blood
D:10:     erik_lair_orcish_takeover, serial_curves, eino_curves_03,
          eino_curves_01, eino_curves_01, eino_curves_01
Temple:   grunt_wide_crystal_templ

Skill      XL: |  1  2  3  4  5  6  7  8  9 10 |
---------------+-------------------------------+-----
Dodging        | 3 4 5 6 |  6.6
Spellcasting   | 1 2 3 4 5 |  5.0
Stealth        | 1 2 3 |  3.1
Fighting       | 4 5 7 |  7.2
Polearms       | 3 4 5 7 9 10 | 10.8
Evocations     | 4 5 |  5.1
Invocations    | 1 5 |  5.1
Shields        | |  3.0

Action                   |  1- 3 |  4- 6 |  7- 9 | 10-12 || total
-------------------------+-------+-------+-------+-------++-------
Melee: Trident           |   123 |   264 |       |       ||   387
       Tailslap          |    13 |    80 |    37 |    22 ||   152
       Halberd           |       |   212 |   426 |     1 ||   639
       Glaive            |       |       |       |   207 ||   207
Invok: Divine Shield     |       |       |       |     1 ||     1
Evoke: Wand              |       |       |     1 |     1 ||     2
  Use: Potion            |     1 |     2 |     3 |     1 ||     7
       Scroll            |     2 |    10 |    14 |     3 ||    29
 Stab: Sleeping          |       |     6 |       |       ||     6
  Eat: Chunk             |     2 |     7 |     5 |     2 ||    16
       Ration            |       |     2 |     4 |     4 ||    10
Armor: Skin              |    40 |    82 |   121 |    77 ||   320
Dodge: Dodged            |    83 |   185 |   277 |   187 ||   732

Table legend:
 A = Spawn XP
 B = Non-spawn XP
 C = Spawn XP percentage of total XP
 D = Spawn monster count
 E = Non-spawn monster count
 F = Spawn count percentage of total count
 G = Total turns spent on level
                    A         B        C        D         E        F      G
               +---------+---------+-------+---------+---------+-------+---------
         Total |       0 |    9679 |   0.0 |       0 |     274 |   0.0 | 12101
               +---------+---------+-------+---------+---------+-------+---------
           D:1 |       0 |      72 |   0.0 |       0 |      30 |   0.0 |  1382
           D:2 |       0 |     170 |   0.0 |       0 |      30 |   0.0 |  1589
           D:3 |       0 |      89 |   0.0 |       0 |      24 |   0.0 |  1281
           D:4 |       0 |     391 |   0.0 |       0 |      18 |   0.0 |  1125
           D:5 |       0 |     596 |   0.0 |       0 |      17 |   0.0 |   890
           D:6 |       0 |    1343 |   0.0 |       0 |      24 |   0.0 |  1516
           D:7 |       0 |    2299 |   0.0 |       0 |      40 |   0.0 |  1515
           D:8 |       0 |     519 |   0.0 |       0 |      17 |   0.0 |   618
           D:9 |       0 |    1603 |   0.0 |       0 |      50 |   0.0 |  1372
          D:10 |       0 |    2597 |   0.0 |       0 |      24 |   0.0 |   733
               +---------+---------+-------+---------+---------+-------+---------
